Map: [ESL] Inside and Out

Players

SlavaZA

  • Race: Protoss Protoss
  • Spawn Location: 1:00

Killermonjas - Winner!

  • Race: Protoss Protoss
  • Spawn Location: 7:00

Event: DreamHack SC2 Masters 2022 Valencia

VOD

Have the link to the VOD?

Description

Time

  • Played on: July 1, 2022, 2:13 p.m.
  • Length: 10:35

All games in this series

Show
View Real Time Build Order
Export as new Build Order

SlavaZA Protoss 

Build Orders:  

Get SALT Encoding   

  12  0:00  Probe  
  13  0:12  Probe  
  14  0:17  Pylon  
  14  0:24  Probe  
  15  0:35  Gateway  
  15  0:36  Probe (Chrono Boost)  
  16  0:47  Assimilator  
  16  0:49  Probe (Chrono Boost)  
  17  0:53  Assimilator  
  18  0:57  Probe (Chrono Boost)  
  18  1:07  Probe  
  18  1:08  Gateway  
  19  1:19  Probe  
  19  1:23  Cybernetics Core  
  20  1:32  Probe  
  21  1:38  Pylon  
  21  1:45  Probe  
  22  2:03  Stalker x2, Warp Gate  
  26  2:09  Probe  
  27  2:34  Nexus  
  27  2:41  Stalker x2  
  31  2:44  Pylon  
  31  2:48  Twilight Council  
  31  3:03  Gateway  
  31  3:11  Stalker  
  33  3:14  Stalker  
  32  3:46  Probe (Chrono Boost)  
  32  3:56  Probe (Chrono Boost)  
  32  4:00  Blink (Chrono Boost)  
  32  4:07  Pylon  
  32  4:08  Probe  
  33  4:12  Gateway  
  33  4:20  Probe  
  33  4:23  Stalker  
  36  4:36  Stalker  
  36  4:43  Stalker  
  38  4:52  Stalker  
  40  5:00  Sentry  
  40  5:06  Stalker  
  44  5:20  Stalker  
  46  5:29  Pylon  
  46  5:30  Pylon  
  46  5:48  Stalker x3  
  52  6:03  Stalker  
  54  6:13  Stalker x2  
  58  6:20  Stalker  
  60  6:34  Stalker  
  60  6:38  Pylon  
  60  6:49  Stalker  
  58  6:59  Stalker x2  
  58  7:13  Stalker  
  60  7:16  Stalker  
  60  7:42  Stalker x2  
  64  8:03  Stalker  
  64  8:04  Stalker  
  64  8:06  Stalker  
  66  8:17  Stalker  
  66  8:27  Stalker  
  66  8:32  Stalker  
  70  8:45  Pylon  
  70  8:56  Stalker  
  71  9:04  Stalker x2  
  71  9:08  Stalker  
  75  9:20  Stalker  
  77  9:28  Stalker  
  49  9:53  Stalker x2  
  47  10:02  Stalker  
  35  10:15  Stalker  
Show
View Real Time Build Order
Export as new Build Order

Killermonjas Protoss - Winner!

Build Orders: 1 Gate Expand 

Get SALT Encoding   

  12  0:00  Probe  
  13  0:12  Probe  
  14  0:19  Pylon  
  14  0:24  Probe  
  15  0:37  Probe (Chrono Boost), Gateway  
  16  0:47  Probe (Chrono Boost), Assimilator  
  17  0:52  Probe (Chrono Boost)  
  18  1:03  Probe  
  19  1:21  Nexus  
  19  1:32  Cybernetics Core  
  19  1:34  Probe  
  20  1:40  Assimilator  
  20  1:46  Probe  
  21  1:51  Pylon  
  21  1:59  Probe  
  22  2:11  Adept (Chrono Boost), Probe  
  25  2:23  Probe  
  25  2:24  Robotics Facility  
  25  2:27  Pylon  
  25  2:29  Warp Gate (Chrono Boost)  
  26  2:35  Probe (Chrono Boost)  
  28  2:42  Probe (Chrono Boost)  
  29  2:46  Probe (Chrono Boost)  
  29  2:47  Gateway  
  29  2:50  Shield Battery  
  29  2:56  Pylon  
  29  3:07  Shield Battery  
  29  3:10  Stalker  
  30  3:17  Immortal (Chrono Boost)  
  34  3:27  Shield Battery  
  34  3:50  Immortal (Chrono Boost)  
  36  4:03  Shield Battery  
  36  4:05  Pylon  
  36  4:09  Shield Battery  
  34  4:13  Stalker  
  34  4:16  Pylon  
  36  4:22  Gateway  
  36  4:33  Sentry  
  36  4:36  Observer (Chrono Boost)  
  39  4:39  Stalker  
  41  4:48  Shield Battery  
  41  5:00  Stalker  
  41  5:06  Stalker, Warp Prism (Chrono Boost)  
  47  5:17  Stalker  
  47  5:26  Stalker  
  49  5:41  Immortal (Chrono Boost)  
  49  5:42  Stalker, Gateway  
  55  5:49  Stalker  
  57  6:03  Cybernetics Core  
  57  6:04  Probe  
  57  6:05  Probe  
  59  6:14  Zealot  
  57  6:27  Immortal (Chrono Boost)  
  61  6:34  Probe  
  61  6:39  Pylon  
  62  7:01  Pylon  
  62  7:05  Stalker x3  
  66  7:13  Probe x2  
  66  7:21  Observer  
  66  7:23  Twilight Council  
  66  7:25  Probe x2  
  68  7:36  Stalker x3  
  70  7:46  Warp Prism  
  72  8:00  Blink (Chrono Boost)  
  72  8:03  Stalker x3  
  72  8:05  Pylon  
  76  8:07  Probe  
  76  8:08  Probe  
  78  8:20  Assimilator  
  78  8:23  Probe x2  
  80  8:33  Nexus  
  80  8:38  Stalker  
  82  8:43  Probe x2  
  84  8:49  Assimilator  
  84  8:53  Gateway  
  84  8:58  Gateway  
  84  9:00  Observer (Chrono Boost)  
  85  9:09  Robotics Bay  
  85  9:11  Observer  
  85  9:17  Pylon, Gateway  
  85  9:23  Pylon  
  85  9:38  Stalker x3  
  81  9:48  Stalker  
  73  9:57  Immortal (Chrono Boost)  
  71  10:03  Stalker  
  67  10:17  Stalker x2  
  67  10:19  Stalker  

Tags
 
Add a new tag
Caveats
  • Supply blocks, unpowered buildings, or Contaminate may cause inaccurate times.
  • Supply counts are checked every 10 seconds.